 Dungeon Crawl Stone Soup version 0.25-a0-598-gc9c9e4cfe1 (webtiles) character file.

Game seed: 15664316385134144066, levelgen mode: deterministic

680 Amnesiac the Cutter (level 7, -2/45 HPs)
             Began as a Halfling Assassin on Mar 16, 2020.
             Killed by nerve-wracking pain
             ... invoked by Grinder
              (9 damage)
             ... on level 4 of the Dungeon.
             The game lasted 00:07:41 (2457 turns).

Amnesiac the Cutter (Halfling Assassin)             Turns: 2457, Time: 00:07:42

Health: -2/45      AC:  3    Str: 12    XL:     7   Next: 92%
Magic:  7/7        EV: 17    Int:  9    God:
Gold:   126        SH:  0    Dex: 18    Spells: 6/6 levels left

rFire    . . .     SeeInvis .   a - +2 dagger
rCold    . . .     Gourm    .   (shield restricted)
rNeg     . . .     Faith    .   o - +0 robe
rPois    .         Spirit   .   (no helmet)
rElec    .         Reflect  .   c - +0 cloak
rCorr    .         Harm     .   (no gloves)
MR       .....                  (no boots)
Stlth    +++.......             (no amulet)
HPRegen  0.15/turn              (no ring)
MPRegen  0.10/turn              (no ring)

@: no status effects
A: small, mutation resistance 1
a: no special abilities


You were on level 4 of the Dungeon.
You were near starving.

You visited 1 branch of the dungeon, and saw 4 of its levels.

You collected 126 gold pieces.

Inventory:

Hand Weapons
 a - a +2 dagger (weapon)
 b - a -1 hunting sling
 n - a +0 hand axe
Missiles
 e - 2 curare-tipped darts
 h - 3 boomerangs
 k - 24 stones
 r - 16 sling bullets
 t - 9 poisoned darts (quivered)
Armour
 c - a +0 cloak (worn)
 g - a +0 helmet
 i - a +0 ring mail of cold resistance
 o - a +0 robe (worn)
Wands
 d - a wand of digging (5)
 q - a wand of disintegration (1)
Scrolls
 j - 2 scrolls of identify {!r}
 p - a scroll of immolation {!r, unknown}
Potions
 l - 2 potions of berserk rage {!q, unknown}
 m - a potion of lignification {!q}
 s - a potion of heal wounds {!q, unknown}
Comestibles
 f - 5 rations


   Skills:
 - Level 2.0 Fighting
 * Level 6.5 Short Blades
 + Level 4.0 Throwing
 + Level 3.8 Dodging
 + Level 6.1 Stealth


You had 6 spell levels left.
You didn't know any spells.
Your spell library was empty.

Dungeon Overview and Level Annotations

Branches:
Dungeon (4/15)
 Temple: D:4-7

Altars:
Cheibriados
Ru

Annotations:
D:4 Grinder


Innate Abilities, Weirdness & Mutations

You are small and have problems with some larger weapons.
You are somewhat resistant to further mutation.


Message History

HP restored.
You are near starving!
t - 14 poisoned darts (gained 1)
t - 15 poisoned darts (gained 1) Grinder is too close now for your liking.
Grinder shouts!
Grinder says, "Tell me all your secrets, or I'll kill you."
Grinder blinks!
You start waiting.
Grinder is too close now for your liking.
Throwing (i - inventory. (/) - cycle)
t - 15 poisoned darts (quivered)
Press: ? - help, Shift-Dir - straight line, f - Grinder
Aim: Grinder You throw a poisoned dart.
The poisoned dart closely misses Grinder.
Grinder blinks!
Throwing (i - inventory. (/) - cycle)
t - 14 poisoned darts (quivered)
Press: ? - help, Shift-Dir - straight line, f/p - Grinder
Aim: Grinder You throw a poisoned dart.
The poisoned dart closely misses Grinder.
Throwing (i - inventory. (/) - cycle)
t - 13 poisoned darts (quivered)
Press: ? - help, Shift-Dir - straight line, f/p - Grinder
Aim: Grinder You throw a poisoned dart.
The poisoned dart closely misses Grinder.
Grinder gestures at you. You resist with significant effort.
Throwing (i - inventory. (/) - cycle)
t - 12 poisoned darts (quivered)
Press: ? - help, Shift-Dir - straight line, f/p - Grinder
Aim: Grinder You throw a poisoned dart.
The poisoned dart hits Grinder.
Throwing (i - inventory. (/) - cycle)
t - 11 poisoned darts (quivered)
Press: ? - help, Shift-Dir - straight line, f/p - Grinder
Aim: Grinder You throw a poisoned dart.
The poisoned dart hits Grinder.
Throwing (i - inventory. (/) - cycle)
t - 10 poisoned darts (quivered)
Press: ? - help, Shift-Dir - straight line, f/p - Grinder
Aim: Grinder You throw a poisoned dart.
The poisoned dart hits Grinder!
Grinder gestures at you.
You suddenly lose the ability to move!
Grinder says, "What is the universe for?"
Grinder gestures at you.
You shrug off the repeated paralysis!
Grinder hits you!
You writhe in agony.
Grinder hits you!
You writhe in agony.
* * * LOW HITPOINT WARNING * * *
Grinder grins, showing sharp teeth.
Grinder gestures at you. Pain shoots through your body!
* * * LOW HITPOINT WARNING * * *
Grinder hits you!
* * * LOW HITPOINT WARNING * * *
You writhe in agony.
* * * LOW HITPOINT WARNING * * *
You can move again.
Unknown command.
Unknown command.
Unknown command.
Unknown command.
Grinder gestures at you. Pain shoots through your body!
You die...

..........######(##
.#.#.#.#.## #.#
.....##.## #.#
#######.# #(# #.#
#(# #.# #.# #.# #5#
#.# #.#
#######.########@#
........#........#
#########.########
#.# #.# #########.#
..........#
#########.# #.#


You could see Grinder.

Vanquished Creatures
  Pikel (D:4)
  3 slaves (D:4)
  A scorpion (D:4)
  An orc priest (D:4)
  3 worker ants (D:4)
  3 gnolls (D:4)
  3 adders
  An adder skeleton (D:4)
  A dart slug (D:4)
  2 leopard geckos (D:1)
  3 orcs (D:4)
  2 giant cockroaches (D:3)
  2 goblins (D:3)
  4 hobgoblins
  2 kobolds
  2 bats
  2 frilled lizards
  2 rats
38 creatures vanquished.

Notes
Turn   | Place    | Note
-------+----------+-------------------------------------------
     0 | D:1      | Amnesiac the Halfling Assassin began the quest for the Orb.
     0 | D:1      | Reached XP level 1. HP: 14/14 MP: 1/1
    63 | D:1      | Reached XP level 2. HP: 16/19 MP: 2/2
   277 | D:3      | Reached XP level 3. HP: 15/24 MP: 3/3
   381 | D:3      | Found a sacrificial altar of Ru.
   744 | D:4      | Reached XP level 4. HP: 18/29 MP: 4/4
   990 | D:4      | Reached skill level 5 in Stealth
   990 | D:4      | Reached XP level 5. HP: 7/34 MP: 5/5
  1223 | D:4      | Found a snail-covered altar of Cheibriados.
  1328 | D:4      | Reached XP level 6. HP: 26/39 MP: 6/6
  1670 | D:4      | Noticed a slave
  1697 | D:4      | Killed a slave
  1816 | D:4      | Noticed a slave
  1818 | D:4      | Noticed a slave
  1819 | D:4      | Noticed Pikel
  1852 | D:4      | Killed a slave
  1885 | D:4      | Noticed a slave
  1934 | D:4      | Killed a slave
  2002 | D:4      | Killed Pikel
  2002 | D:4      | Reached XP level 7. HP: 10/45 MP: 7/7
  2271 | D:4      | Noticed Grinder
  2449 | D:4      | Paralysed by Grinder for 7 turns
  2457 | D:4      | Killed from afar by Grinder

Levels and vault maps discovered:
D:1:      eino_arrival_cavern_d, layout_loops_corners
D:2:      layout_loops_ring, nemelex_xobeh_ov_fountains_minmay,
          fedhas_altar_fruit_tree, supply_closet_lemuel
D:3:      layout_rooms, nicolae_overflow_hidden_temple
D:4:      layout_basic, kennysheep_slug_shrine, first_ration, st_stairs_11,
          uniq_grinder, uniq_pikel

Skill      XL: |  1  2  3  4  5  6 |
---------------+-------------------+-----
Fighting       | 2 |  2.0
Short Blades   | 3 4 6 |  6.5
Dodging        | 2 3 |  3.8
Stealth        | 5 6 |  6.1
Throwing       | 3 4 |  4.0

Action                   |  1- 3 |  4- 6 |  7- 9 || total
-------------------------+-------+-------+-------++-------
Melee: Dagger            |    45 |    46 |     1 ||    92
 Fire: Hunting sling     |    16 |     3 |       ||    19
Throw: Dart              |     5 |    69 |     9 ||    83
Evoke: Wand              |       |     3 |       ||     3
  Use: Scroll            |     6 |       |       ||     6
 Stab: Sleeping          |     5 |     1 |     1 ||     7
  Eat: Chunk             |       |     3 |       ||     3
Armor: Robe              |     4 |     5 |       ||     9
Dodge: Dodged            |    21 |    41 |     3 ||    65

Table legend:
 A = Non-vault XP
 B = Vault XP
 C = Vault XP percentage of total XP
 D = Non-vault monster count
 E = Vault monster count
 F = Vault count percentage of total count
                 A         B        C        D         E       F
            +---------+---------+-------+---------+---------+-------
      Total |     302 |     670 |  68.9 |      31 |       4 |  11.4
            +---------+---------+-------+---------+---------+-------
        D:1 |      11 |       0 |   0.0 |       5 |       0 |   0.0
        D:2 |       2 |       0 |   0.0 |       2 |       0 |   0.0
        D:3 |      30 |       0 |   0.0 |      11 |       0 |   0.0
        D:4 |     259 |     670 |  72.1 |      13 |       4 |  23.5
            +---------+---------+-------+---------+---------+-------
